 Dungeon Crawl Stone Soup version 0.24.0-13-gcf9b319 (webtiles) character file.

Game seed: 17201393610064141240, levelgen mode: deterministic

169 Bronimir the Ogre Mage (level 5, -2/50 HPs)
             Began as an Ogre Wizard on Mar 18, 2020.
             Slain by an orc wizard
             ... wielding a +0 dagger
              (4 damage)
             ... on level 2 of the Dungeon.
             The game lasted 00:09:54 (3370 turns).

Bronimir the Ogre Mage (Ogre Wizard)                Turns: 3370, Time: 00:09:55

Health: -2/50      AC:  3    Str: 12    XL:     5   Next: 50%
Magic:  1/12       EV: 10    Int: 19    God:
Gold:   98         SH:  0    Dex:  7    Spells: 3/13 levels left

rFire    . . .     SeeInvis .   n - +0 spear
rCold    . . .     Gourm    .   (no shield)
rNeg     . . .     Faith    .   i - +0 robe
rPois    .         Spirit   .   b - +0 hat
rElec    .         Reflect  .   (no cloak)
rCorr    .         Harm     .   (gloves unavailable)
MR       .....                  (boots unavailable)
Stlth    +.........             (no amulet)
HPRegen  0.16/turn              l - ring of wizardry
MPRegen  0.13/turn              (no ring)

@: no status effects
A: large, unfitting armour, tough skin 1
a: no special abilities


You were on level 2 of the Dungeon.
You were not hungry.

You visited 1 branch of the dungeon, and saw 3 of its levels.

You collected 98 gold pieces.

Inventory:

Hand Weapons
 a - a +0 mace
 g - a +0 hunting sling
 n - a +0 spear (weapon)
 p - a +1 antimagic spear
 A - a +0 club
Missiles
 h - 23 sling bullets
 k - 20 poisoned darts (quivered)
 r - 59 stones
 s - 18 bolts
Armour
 b - a +0 hat (worn)
 i - a +0 robe (worn)
Jewellery
 l - a ring of wizardry (left hand)
Scrolls
 j - 2 scrolls of teleportation
 t - a scroll of enchant weapon {unknown}
 w - a scroll of immolation {unknown}
 x - 2 scrolls of identify {unknown}
 y - a scroll of enchant armour {unknown}
Potions
 c - a potion of flight {unknown}
 e - a potion of heal wounds {unknown}
 m - 2 potions of curing {unknown}
 o - a potion of lignification {unknown}
 q - a potion of might {unknown}
 u - a potion of agility {unknown}
 v - 2 potions of degeneration {unknown}
 z - a potion of ambrosia {unknown}
Comestibles
 d - 3 rations


   Skills:
 * Level 2.7 Fighting
 + Level 0.5 Maces & Flails
 + Level 0.3 Polearms
 + Level 0.7 Throwing
 + Level 2.1 Dodging
 - Level 1.4 Stealth
 + Level 4.9 Spellcasting
 * Level 2.0 Conjurations
 * Level 0.3 Hexes
 + Level 1.4 Summonings
 + Level 0.9 Translocations


You had 3 spell levels left.
You knew the following spells:

 Your Spells              Type           Power        Failure   Level  Hunger
a - Magic Dart            Conj           ##..         2%          1    None
b - Blink                 Tloc           N/A          5%          2    #......
c - Call Imp              Summ           ##......     4%          2    #......
d - Slow                  Hex            #.......     7%          2    #......
e - Mephitic Cloud        Conj/Pois/Air  #.......     12%         3    ##.....

Your spell library contained the following spells:

 Spells                   Type           Power        Failure   Level  Hunger
 Conjure Flame            Conj/Fire      #.......     11%         3    ##.....


Dungeon Overview and Level Annotations

Branches:
Dungeon (3/15)

Altars:
Elyvilon
Nemelex Xobeh


Innate Abilities, Weirdness & Mutations

You are too large for most types of armour.
You have tough skin. (AC +1)


Message History

You blink.
Your crimson imp completely misses the orc wizard.
Something hits your crimson imp!
You swap places.
Attack whom?
Press: ? - help, Dir - move target cursor, f - orc
Aim: an orc, wielding a +0 short sword and wearing a +0 leather armour (severely wounded)
You reach to attack!
You hit the orc but do no damage.
The orc is severely wounded.
Attack whom?
Press: ? - help, Dir - move target cursor, f/p - orc
Aim: an orc, wielding a +0 short sword and wearing a +0 leather armour (severely wounded)
You hit the orc but do no damage.
The orc is severely wounded.
The orc closely misses you.
Casting: Blink (safe; 5% risk of failure)
Confirm with . or Enter, or press ? or * to list all spells.
You blink.
The orc wizard hits you with a +0 dagger.
You die...

#.###.#.#..#...###.#
............5....)5####
#.#####....#.#5###....#
#.......#.##o#o#.####.#
#########.##.#.§5####.#
.†........##.###......#
..........##.o....#####
..........######o##
############# #@#
............# #.#
..#...#...#.# #.#
............# #.#
..#...#...#.# #.#
)......÷..÷.# #.#
###########.# #.#
#.......# #.#
##'#########.#


You could see an orc wizard and a friendly crimson imp.

Vanquished Creatures
  An orc priest (D:3)
  An orc wizard (D:2)
  Terence (D:2)
  An adder (D:2)
  A dart slug (D:1)
  A leopard gecko (D:2)
  An orc (D:3)
  4 giant cockroaches
  2 hobgoblins
  2 jackals (D:1)
  3 quokkas
  A ball python (D:3)
  2 bats (D:1)
  2 frilled lizards (D:2)
  2 goblins
  3 kobolds
  7 rats
35 creatures vanquished.

Vanquished Creatures (collateral kills)
  An ogre (D:2)
  2 adders (D:2)
  A worm (D:2)
4 creatures vanquished.

Grand Total: 39 creatures vanquished

Notes
Turn   | Place    | Note
-------+----------+-------------------------------------------
     0 | D:1      | Bronimir the Ogre Wizard began the quest for the Orb.
     0 | D:1      | Reached XP level 1. HP: 16/16 MP: 5/5
    70 | D:1      | Reached skill level 4 in Spellcasting
   203 | D:1      | Reached XP level 2. HP: 12/24 MP: 0/7
   207 | D:1      | Learned a level 2 spell: Blink
   210 | D:1      | Learned a level 2 spell: Call Imp
   213 | D:1      | Learned a level 2 spell: Slow
  1068 | D:2      | Found a white marble altar of Elyvilon.
  1110 | D:2      | Noticed Terence
  1524 | D:2      | Reached XP level 3. HP: 19/32 MP: 1/9
  1671 | D:2      | Learned a level 3 spell: Mephitic Cloud
  1801 | D:2      | Noticed an ogre
  2184 | D:1      | Reached skill level 1 in Conjurations
  2381 | D:2      | Killed Terence
  2381 | D:2      | Reached skill level 1 in Fighting
  2381 | D:2      | Reached skill level 1 in Summonings
  2381 | D:2      | Reached XP level 4. HP: 13/41 MP: 2/10
  2656 | D:2      | Killed an ogre
  3070 | D:2      | Found a sparkling altar of Nemelex Xobeh.
  3181 | D:2      | Reached XP level 5. HP: 28/49 MP: 2/12
  3362 | D:2      | HP: 1/50 [orc wizard/puff of flame (10)]
  3370 | D:2      | Slain by an orc wizard

Levels and vault maps discovered:
D:1:      minmay_arrival_solitary_statue, layout_basic, serial_rivers,
          chequers_serial_rivers_micro_c, chequers_serial_rivers_micro_d,
          chequers_serial_rivers_marsh, chequers_serial_rivers_room_a,
          minmay_fountain_box
D:2:      layout_basic, lemuel_coloured_pillars_altar, lemuel_crystal_altar,
          uniq_terence
D:3:      layout_basic, minitemple

Skill      XL: |  1  2  3  4  5 |
---------------+----------------+-----
Spellcasting   | 4 |  4.9
Dodging        | 2 |  2.1
Conjurations   | 1 2 |  2.0
Fighting       | 1 2 |  2.7
Summonings     | 1 |  1.4
Maces & Flails | |  0.5
Polearms       | |  0.3
Throwing       | |  0.7
Stealth        | |  1.4
Hexes          | |  0.3
Translocations | |  0.9

Action                   |  1- 3 |  4- 6 || total
-------------------------+-------+-------++-------
Melee: Unarmed           |    14 |       ||    14
       Spear             |    51 |    26 ||    77
       Mace              |    15 |       ||    15
Throw: Dart              |     8 |     4 ||    12
 Cast: Magic Dart        |    29 |    35 ||    64
       Call Imp          |     8 |     6 ||    14
       Blink             |     3 |     2 ||     5
       Slow              |     1 |       ||     1
  Use: Scroll            |       |     2 ||     2
 Stab: Distracted        |     1 |       ||     1
  Eat: Chunk             |     2 |     2 ||     4
       Ration            |     1 |       ||     1
Armor: Robe              |    21 |    12 ||    33
Dodge: Dodged            |    47 |    27 ||    74
